 Dungeon Crawl Stone Soup version 0.27-a0-1365-ge71e8f7681 (webtiles) character file.

Game seed: 4390092246791931100

9003 HAL9000 the Unseen (level 11, -12/56 HPs)
             Began as a Vine Stalker Brigand on June 28, 2021.
             Was a Priest of Uskayaw.
             Mangled by a komodo dragon (15 damage)
             ... on level 2 of the Lair of Beasts.
             The game lasted 00:24:39 (11372 turns).

HAL9000 the Unseen (Vine Stalker Brigand)          Turns: 11372, Time: 00:24:40

Health: -12/56     AC:  7    Str: 21    XL:     11   Next: 39%
Magic:  0/12       EV: 11    Int: 13    God:    Uskayaw [***...]
Gold:   581        SH:  6    Dex: 22    Spells: 10/10 levels left

rFire    + . .     SeeInvis .   c - +2 dagger (holy)
rCold    + . .     Faith    .   s - +0 buckler
rNeg     . . .     Spirit   +   a - +3 leather armour
rPois    .         Reflect  .   (no helmet)
rElec    .         Harm     .   w - scarf {rC+ rF+}
rCorr    .         Rampage  .   (no gloves)
Will     +....                  k - +0 pair of boots
Stlth    ++++++....             (no amulet)
HPRegen  1.18/turn              l - +6 ring of dexterity
MPRegen  0.13/turn              e - +6 ring of strength

@: no status effects
A: fangs 3, regeneration 1, magic shield, antimagic bite, no potion heal 2
a: Renounce Religion, Stomp, Line Pass


You were on level 2 of the Lair of Beasts.
You worshipped Uskayaw.
Uskayaw was noncommittal.
You visited 2 branches of the dungeon, and saw 12 of its levels.
You also visited: Ossuary.

You collected 581 gold pieces.

Inventory:

Hand Weapons
 c - a +2 dagger of holy wrath (weapon)
 f - a +4 scimitar
Missiles
 h - 94 sling bullets
 B - 49 poisoned darts (quivered)
Armour
 a - a +3 leather armour (worn)
 k - a +0 pair of boots (worn)
 s - a +0 buckler (worn)
 w - a scarf of resistance (worn)
 C - a +1 robe of willpower
 J - a +0 kite shield of protection
Jewellery
 e - a +6 ring of strength (right hand)
 j - a ring of magical power
 l - a +6 ring of dexterity (left hand)
 m - a +6 ring of dexterity
Wands
 n - a wand of iceblast (13)
 F - a wand of flame (21)
 K - a wand of paralysis (9)
Scrolls
 b - a scroll of identify
 i - 2 scrolls of immolation
 q - a scroll of brand weapon {unknown}
 u - 2 scrolls of fear {unknown}
 x - a scroll of blinking {unknown}
 y - 3 scrolls of teleportation {unknown}
 z - a scroll of enchant armour {unknown}
 A - a scroll of fog {unknown}
 D - 2 scrolls of noise {unknown}
 E - a scroll of silence {unknown}
 G - a scroll of summoning {unknown}
Potions
 d - 2 potions of ambrosia {unknown}
 g - 2 potions of flight
 o - a potion of cancellation
 p - 5 potions of curing
 t - a potion of resistance
 v - 4 potions of brilliance
 H - a potion of haste {unknown}
 I - a potion of might {unknown}


   Skills:
 - Level 6.0 Fighting
 - Level 9.7 Short Blades
 - Level 1.7 Throwing
 - Level 0.7 Dodging
 - Level 15.3 Stealth
 + Level 3.6 Shields


You had 10 spell levels left.
You didn't know any spells.
Your spell library contained the following spells:

 Spells                   Type           Power      Damage    Failure   Level
 Freeze                   Ice            0%         1d3       36%         1
 Frozen Ramparts          Ice            0%         1d2       75%         3
 Ozocubu's Armour         Ice            0%         N/A       75%         3
 Hailstorm                Conj/Ice       0%         3d3       98%         4
 Metabolic Englaciation   Hex/Ice        0%         N/A       100%        5


Dungeon Overview and Level Annotations

Branches:
Dungeon (10/15)            Temple (0/1) D:7            Lair (1/6) D:9
 Shoals (0/4) Lair:2      Ossuary (visited)
    Orc: D:9-12

Altars:
Ashenzari
Cheibriados
Fedhas
Hepliaklqana
Kikubaaqudgha
Uskayaw
Vehumet
Wu Jian
Xom


Innate Abilities, Weirdness & Mutations

You have razor-sharp teeth.
Your natural rate of healing is unusually fast.
When hurt, damage is shared between your health and your magic reserves.
Your bite disrupts and absorbs the magic of your enemies.
Potions cannot restore your health.


Message History

The cane toad is almost dead.
You hit the cane toad. You bite the cane toad.
You kill the cane toad!
Uskayaw will force your foes to helplessly watch your dance.
Uskayaw prepares the audience for your solo!
The helpless bullfrog fails to defend itself.
You stick the bullfrog like a pincushion!!!!!
You kill the bullfrog!
The komodo dragon is no longer paralysed.
The komodo dragon bites you.
You see here a poisoned dart.
You barely miss the komodo dragon. You bite the komodo dragon!
You drain its power.
You feel invigorated.
The komodo dragon is lightly wounded.
The komodo dragon bites you!!
* * * LOW HITPOINT WARNING * * *
You are too injured to fight recklessly!
Okay, then.
Okay, then.
Unknown command.
Okay, then.
Aiming: Line Pass
Press: ? - help, Dir - move target
Okay, then.
You hit the komodo dragon but do no damage.
The komodo dragon is lightly wounded.
You block the komodo dragon's attack.
You hit the komodo dragon but do no damage.
Your bite misses the komodo dragon.
The komodo dragon is lightly wounded.
You closely miss the komodo dragon.
The komodo dragon is lightly wounded.
The komodo dragon bites you!!
* * * LOW HITPOINT WARNING * * *
Unknown command.
As you read the scroll labelled EBUC GEEKO, it crumbles to dust.
You feel aware of your surroundings.
It was a scroll of magic mapping.
The komodo dragon bites you!
You die...

##.######>.# ###.....### #.
#....##.#.###♣♣#...PPP...#♣♣#.
#........(# #...))FP≈P$°$...#.
#...#####.# ***#..!PPP...#**##
#P#...###.## **#...B.#** #.
####.......# ###l###*** ##
#..###### ♣♣♣♣♣.Y♣,,,* **
##.^#♣♣.♣ #♣♣♣(.♣♣F♣.♣*,***,
#...#♣.♣♣ #@♣.♣.♣F♣♣♣♣,**,*,
#P..#♣♣.♣♣#♣l♣♣.♣.♣ *,*,**,
##..#♣♣..♣#♣♣♣♣...♣♣ *,,***,
#P..#♣.♣♣.# ######'##******,
##..#.♣♣♣.#♣♣.♣♣#...#,*,*,*,
#..#.♣...♣♣.♣.♣♣...♣,,*,,*,
#....♣††...♣♣♣.'>8<+,,,,,,,
##.#♣♣.♣♣♣♣.♣.♣♣...♣,,*,,*,
#P.#♣.♣* ♣♣.♣♣#...#,*,*,*,


You could see a komodo dragon.

Vanquished Creatures
  3 death yaks (D:8)
  Pikel (D:7)
  A manticore (D:9)
  A black mamba (Lair:2)
  Joseph (D:7)
  A cane toad (Lair:2)
  A hornet (D:8)
  A snapping turtle (Lair:2)
  A wyvern (D:10)
  Menkaure (D:5)
  A steam dragon (D:6)
  6 water moccasins
  2 orc warriors (D:8)
  4 black bears
  2 sky beasts
  A necrophage (D:4)
  An ice beast (D:8)
  5 ogres
  A kobold brigand (D:8)
  A lemure (D:7)
  6 bullfrogs
  2 gnoll sergeants
  A scorpion (D:5)
  6 water moccasin zombies (Ossuary)
  8 wights
  An electric eel (Lair:2)
  4 howler monkeys
  4 jellies
  7 orc priests
  A centaur skeleton (D:7)
  2 hounds
  2 gnoll shamans
  3 iguanas
  9 orc wizards
  2 hell rats (D:9)
  2 mummies (Ossuary)
  18 gnolls
  5 adders
  A river rat (D:8)
  A white imp (D:7)
  4 adder zombies (Ossuary)
  5 dart slugs
  35 orcs
  5 endoplasms
  5 giant cockroaches
  A gnoll zombie (Ossuary)
  12 goblins
  5 hobgoblins
  10 jackals
  22 kobolds
  4 quokkas
  11 ball pythons
  3 bats (D:1)
  8 frilled lizards
  4 hobgoblin zombies (Ossuary)
  3 kobold zombies (Ossuary)
  4 orc zombies (Ossuary)
  A quokka skeleton (D:4)
  7 rats
270 creatures vanquished.

Vanquished Creatures (others)
  A human (D:3)
  5 plants (Lair:2)
6 creatures vanquished.

Grand Total: 276 creatures vanquished

Notes
Turn   | Place    | Note
-------+----------+-------------------------------------------
     0 | D:1      | HAL9000 the Vine Stalker Brigand began the quest for the
                  | Orb.
     0 | D:1      | Reached XP level 1. HP: 11/11 MP: 2/2
    69 | D:1      | Reached XP level 2. HP: 1/15 MP: 1/3
   861 | D:1      | Reached XP level 3. HP: 14/18 MP: 4/4
  1639 | D:1      | Found a faded altar of an unknown god.
  1942 | D:2      | Found a shimmering altar of Xom.
  2247 | D:2      | Gained mutation: Your natural rate of healing is unusually
                  | fast. [Vine Stalker growth]
  2247 | D:2      | Reached XP level 4. HP: 23/23 MP: 5/5
  3112 | D:3      | Reached XP level 5. HP: 26/26 MP: 6/6
  3592 | D:3      | Found an ancient bone altar of Kikubaaqudgha.
  3594 | D:3      | Noticed a human
  3595 | D:3      | Killed a human
  3854 | D:3      | Found an ornate altar of the Wu Jian Council.
  4139 | D:4      | Noticed a necrophage
  4167 | D:4      | Killed a necrophage
  4168 | D:4      | Reached skill level 5 in Short Blades
  4168 | D:4      | Reached XP level 6. HP: 26/30 MP: 7/7
  4513 | D:4      | Found a sand-covered staircase.
  4523 | Ossuary  | Entered an ossuary
  4591 | Ossuary  | Reached XP level 7. HP: 30/34 MP: 8/8
  4815 | D:4      | Found a radiant altar of Vehumet.
  5105 | D:5      | Entered Level 5 of the Dungeon
  5119 | D:5      | Found a broken altar of Ashenzari.
  5142 | D:5      | Gained mutation: You have razor-sharp teeth. [Vine Stalker
                  | growth]
  5142 | D:5      | Reached XP level 8. HP: 38/38 MP: 9/9
  5210 | D:5      | Reached skill level 5 in Stealth
  5239 | D:5      | Found a hide-covered altar of Uskayaw.
  5296 | D:5      | Reached skill level 6 in Stealth
  5420 | D:5      | Found a snail-covered altar of Cheibriados.
  5508 | D:5      | Noticed Menkaure
  5511 | D:5      | Killed Menkaure
  5512 | D:5      | Reached skill level 7 in Stealth
  5551 | D:5      | Reached skill level 8 in Stealth
  6098 | D:5      | Became a worshipper of Uskayaw the Reveller
  6138 | D:6      | Reached * piety under Uskayaw
  6139 | D:6      | Reached skill level 9 in Stealth
  6184 | D:6      | Reached skill level 10 in Stealth
  6184 | D:6      | Reached XP level 9. HP: 42/42 MP: 10/10
  6203 | D:6      | Reached ** piety under Uskayaw
  6311 | D:6      | Reached skill level 11 in Stealth
  6413 | D:6      | Reached *** piety under Uskayaw
  7008 | D:6      | Reached skill level 12 in Stealth
  7314 | D:7      | Found a staircase to the Ecumenical Temple.
  7556 | D:7      | Noticed Joseph
  7569 | D:7      | Killed Joseph
  7570 | D:7      | Reached skill level 13 in Stealth
  7909 | D:7      | Noticed Pikel
  7990 | D:7      | Killed Pikel
  7991 | D:7      | Reached skill level 14 in Stealth
  7991 | D:7      | Reached XP level 10. HP: 32/46 MP: 9/11
  8311 | D:7      | Identified the +2 flail of Eternal Night {chaos, rN+ rCorr
                  | Str+2 Int-3}
  8858 | D:8      | Reached skill level 15 in Stealth
  8862 | D:8      | Reached **** piety under Uskayaw
  9329 | D:9      | Found a blossoming altar of Fedhas.
  9542 | D:9      | Noticed a manticore
  9546 | D:9      | Killed a manticore
  9786 | D:9      | Noticed a death yak
  9789 | D:9      | Found a staircase to the Lair.
  9790 | D:9      | Noticed a death yak
  9792 | D:9      | Noticed a death yak
  9825 | D:8      | Killed a death yak
 10033 | D:8      | Killed a death yak
 10034 | D:8      | Reached skill level 5 in Fighting
 10034 | D:8      | Reached XP level 11. HP: 37/55 MP: 5/12
 10211 | D:8      | Killed a death yak
 10817 | D:9      | Found a hazy altar of Hepliaklqana.
 10862 | D:10     | Entered Level 10 of the Dungeon
 10910 | D:10     | Noticed a centaur warrior
 10987 | Lair:1   | Entered Level 1 of the Lair of Beasts
 10997 | Lair:1   | You fall into a shaft and drop 1 floor!
 10999 | Lair:2   | Reached skill level 1 in Shields
 11103 | Lair:2   | Found a staircase to the Shoals.
 11336 | Lair:2   | Noticed a boulder beetle
 11371 | Lair:2   | HP: 2/56 [komodo dragon (17)]
 11372 | Lair:2   | Mangled by a komodo dragon

Illustrated notes

Levels and vault maps discovered:
D:1:      minmay_arrival_open_corners, layout_basic,
          shapermc_ecumenical_altar_mp_vishouse
D:2:      layout_basic, basic_altar
D:3:      layout_basic, nicolae_wu_jian_immortal_techniques, tgw_kikubaaqudgha,
          wander_ebering_terrifying_dragon_lair
D:4:      layout_rooms, vehumet_crystals, lightli_ossuary_entry_decrepit_ruins,
          st_stairs_12
D:5:      layout_basic, nicolae_overflow_crystal_walls,
          nicolae_ashenzari_skybound, nicolae_uskayaw_suspiria, uniq_menkaure
D:6:      layout_basic
D:7:      layout_cave_pools, minmay_temple_entry_glass, uniq_joseph, uniq_pikel
D:8:      layout_loops_ring, chequers_serial_rivers_small_b
D:9:      layout_irregular_city, fedhas_ov_isle_minmay, kennysheep_mini_moat,
          dpeg_lair_monsters
D:10:     layout_basic, grunt_temple_overflow_open
Lair:1:   lemuel_reptile_caves, layout_misc_corridors
Lair:2:   nzn_winding_woodlands_stair_cross
          [nzn_winding_woodlands_5x15_concentric,
          nzn_winding_woodlands_center_pierced_h,
          nzn_winding_woodlands_5x15_lazy_stream,
          nzn_winding_woodlands_hourglass,
          nzn_winding_woodlands_5x5_closed_star,
          nzn_winding_woodlands_5x15_jagged,
          nzn_winding_woodlands_center_garden,
          nzn_winding_woodlands_5x15_crooked], layout_loops_ring,
          minmay_shoals_entry_hut, ldierk_geyser

Skill      XL: |  1  2  3  4  5  6  7  8  9 10 11 |
---------------+----------------------------------+-----
Short Blades   | 2 3 4 5 6 8 9 |  9.7
Stealth        | 10 14 15 | 15.3
Fighting       | 5 6 |  6.0
Shields        | 3 |  3.6
Throwing       | |  1.7
Dodging        | |  0.7

Action                   |  1- 3 |  4- 6 |  7- 9 | 10-12 || total
-------------------------+-------+-------+-------+-------++-------
Melee: Dagger            |   124 |   215 |   381 |   327 ||  1047
       Bite              |    22 |    70 |   145 |   162 ||   399
       Scimitar          |       |       |       |     4 ||     4
Throw: Dart              |     6 |     8 |    39 |    66 ||   119
       Throwing net      |       |       |     1 |     1 ||     2
Invok: Line Pass         |       |       |       |     1 ||     1
Evoke: Wand              |       |       |       |     2 ||     2
  Use: Scroll            |       |       |    10 |     1 ||    11
       Potion            |       |       |     2 |       ||     2
 Stab: Sleeping          |     7 |    13 |    18 |    11 ||    49
       Distracted        |       |     1 |     1 |     4 ||     6
       Invisible         |       |       |     3 |       ||     3
       Paralysed         |       |       |       |     6 ||     6
       Held in net/web   |       |       |       |     2 ||     2
       Confused          |       |       |       |     1 ||     1
Armor: Robe              |    36 |    36 |    38 |       ||   110
       Skin              |       |       |    25 |       ||    25
       Leather armour    |       |       |       |    42 ||    42
Dodge: Dodged            |    77 |    80 |   137 |   120 ||   414
Block: Buckler           |       |       |       |    11 ||    11
       Rpst.: Scimitar   |       |       |       |     2 ||     2

Table legend: (Time is in decaauts)
 A = Elapsed time spent in this place.
 B = Non-inter-level travel time spent in this place.
 C = Inter-level travel time spent in this place.
 D = Time resting spent in this place.
 E = Time spent auto-exploring this place.
 F = Levels seen in this place.
 G = Mean time per level.
                   A        B        C        D        E       F      G
               +--------+--------+--------+--------+--------+-----+--------+
         Total |  11022 |  10363 |    659 |    888 |   6677 |  13 |  847.8 |
       Dungeon |  10506 |   9847 |    659 |    848 |   6423 |  10 | 1050.6 |
          Lair |    368 |    368 |      0 |     40 |    193 |   2 |  184.0 |
       Ossuary |    148 |    148 |      0 |      0 |     60 |   1 |  148.0 |
               +--------+--------+--------+--------+--------+-----+--------+

Top non-repeatable levels by time:
     D:1: 1866 daAuts
     D:8: 1466 daAuts
     D:3: 1416 daAuts
     D:6: 1244 daAuts
     D:5: 978 daAuts
     D:2: 949 daAuts
     D:9: 946 daAuts
     D:7: 817 daAuts
     D:4: 734 daAuts
  Lair:2: 358 daAuts
 Ossuary: 148 daAuts
    D:10: 87 daAuts
  Lair:1: 9 daAuts
